 Dungeon Crawl Stone Soup version 0.23-a0-629-gae4348f (webtiles) character file.

2097 GroovyGamera the Skirmisher (level 9, -1/57 HPs)
             Began as a Gargoyle Fighter on Dec 26, 2018.
             Was a Follower of Makhleb.
             Slain by an ogre
             ... wielding a +0 giant spiked club
              (24 damage)
             ... on level 8 of the Dungeon.
             The game lasted 00:16:52 (5992 turns).

GroovyGamera the Skirmisher (Gargoyle Fighter)      Turns: 5992, Time: 00:16:52

Health: -1/57      AC: 19    Str: 20    XL:     9   Next: 28%
Magic:  12/12      EV:  5    Int: 12    God:    Makhleb [*.....]
Gold:   312        SH:  9    Dex:  4    Spells: 8/8 levels left

rFire    + . .     SeeInvis .   n - +3 mace
rCold    . . .     Gourm    .   c - +0 shield
rNeg     + + +     Faith    .   K - +0 chain mail
rPois    ∞         Spirit   .   (no helmet)
rElec    +         Reflect  .   I - +0 cloak
rCorr    .         Harm     .   v - +1 pair of gloves
MR       .....                  (no boots)
Stlth    ..........             (no amulet)
HPRegen  0.19/turn              q - ring "Iniakk" {+Blink rC+ rN++ Dex-5}
MPRegen  0.13/turn              J - ring of fire

@: no status effects
A: negative energy resistance 1, electricity resistance, unbreathing,
petrification resistance, rot immunity, AC +6
a: Renounce Religion, Evoke Blink


You were on level 8 of the Dungeon.
You worshipped Makhleb.
Makhleb was aware of your devotion.
You were very hungry.

You visited 2 branches of the dungeon, and saw 9 of its levels.

You collected 312 gold pieces.

Inventory:

Hand Weapons
 d - a +0 battleaxe
 n - a +3 mace (weapon)
 G - the +8 hand crossbow "Mittibon" {elec, +Inv rF+++ Str-5 Stlth+}
   (You found it on level 6 of the Dungeon)

   It charges the ammunition it shoots with electricity; occasionally upon a
   hit, such missiles may discharge and cause terrible harm.
   It affects your strength (-5).
   It renders you almost immune to fire.
   It lets you turn invisible.
   It makes you more stealthy.
Missiles
 s - 21 tomahawks (quivered)
 t - 73 sling bullets
 z - 9 bolts
Armour
 c - a +0 shield (worn)
 v - a +1 pair of gloves (worn)
 I - a +0 cloak (worn)
 K - a +0 chain mail (worn)
Jewellery
 q - the ring "Iniakk" (left hand) {+Blink rC+ rN++ Dex-5}
   (You found it on level 4 of the Dungeon)

   [ring of protection from cold]

   It affects your dexterity (-5).
   It protects you from cold.
   It greatly protects you from negative energy.
   It lets you blink.
 H - an uncursed ring of magical power
 J - a ring of fire (right hand)
Wands
 u - a wand of iceblast (7)
 y - a wand of random effects (16)
 B - a wand of polymorph (6)
Scrolls
 e - 2 scrolls of teleportation
 h - 3 scrolls of remove curse
 i - a scroll of random uselessness {unknown}
 j - 4 scrolls of amnesia
 k - a scroll of immolation {unknown}
 p - 2 scrolls of enchant armour
 w - a scroll of enchant weapon {unknown}
 D - 2 scrolls of identify
 F - a scroll of fog {unknown}
Potions
 a - a potion of curing
 b - a potion of resistance {unknown}
 g - a potion of flight {unknown}
 l - a potion of lignification {unknown}
 m - a potion of heal wounds
 o - 2 potions of haste {unknown}
 r - 4 potions of mutation {unknown}
 x - 2 potions of brilliance {unknown}
 C - 2 potions of ambrosia {unknown}
 E - a potion of berserk rage {unknown}
Comestibles
 f - 9 rations


   Skills:
 + Level 7.6 Fighting
 * Level 6.4 Axes
 + Level 1.0 Crossbows
 - Level 5.5 Armour
 - Level 5.5 Shields
 + Level 4.8 Invocations


You had 8 spell levels left.
You didn't know any spells.
Your spell library contained the following spells:

 Spells                   Type           Power        Failure   Level  Hunger
 Animate Skeleton         Necr           N/A          100%        1    ##.....
 Apportation              Tloc           #.....       100%        1    ##.....
 Confusing Touch          Hex            #.....       100%        1    ##.....
 Summon Small Mammal      Summ           #...         100%        1    ##.....


Dungeon Overview and Level Annotations

Branches:
Dungeon (8/15)             Temple (1/1) D:4
   Lair: D:8-11

Altars:
Ashenzari
Dithmenos
Elyvilon
Gozag
Kikubaaqudgha
Makhleb
Nemelex Xobeh
Okawaru
Trog
Uskayaw
Vehumet
Wu Jian
Xom
Yredelemnul
Zin
The Shining One

Shops:
D:7 (

Annotations:
D:6 2 transporters, Think's ghost, novice OpFi


Innate Abilities, Weirdness & Mutations

You are resistant to torment.
Your stone body is resilient. (AC +6)
You are immune to poison.
You resist negative energy. (rN+)
You are resistant to electric shocks. (rElec)
You can survive without breathing.
You are immune to petrification.
You are immune to rotting.


Message History

The two-headed ogre is too close now for your liking.
There is a stone staircase leading down here.
You climb downwards.
You hear the roar of battle.
There is an entrance to a bailey on this level.
Hurry and find it before the You hear the creaking of a distant portcullis.
There is a stone staircase leading up here.
You are feeling very hungry.
You block the ogre's attack.
Your chain mail prevents you from hitting the ogre.
You hit the ogre.
The ogre is lightly wounded.
You block the ogre's attack.
You hit the ogre but do no damage.
The ogre is lightly wounded.
The ogre hits you with a +0 giant spiked club!
You thump the ogre!
The ogre is heavily wounded.
The ogre hits you with a +0 giant spiked club!!
You die...

...#)(..# .........
.##......# ...
.........#####..#
..........#.#.... ...
...............# .......
...............## #......
#...#<@.......# #......
..#....O(....####......
..........[(..#.........
#..##.#..#..<.....)......
## #.......##...........
#..........[)........
##.#.......).........
#............##......
##.........[.##..#...


You could see an ogre.

Vanquished Creatures
  Edmund (D:4)
  A black bear (D:7)
  An orc warrior (D:8)
  4 ice beasts
  A sky beast (D:7)
  An ogre (D:5)
  A phantom (D:5)
  Blork the orc (D:4)
  3 bullfrogs (D:6)
  A centaur zombie (D:4)
  A bullfrog skeleton (D:4)
  2 orc priests
  4 hounds
  A jelly (D:3)
  2 quasits
  Crazy Yiuf (D:7)
  Jessica (D:2)
  Natasha (thrice) (D:4)
  4 worker ants
  An iguana (D:4)
  An orc wizard (D:4)
  A hound zombie (D:7)
  A hound skeleton (D:7)
  2 worker ant zombies (D:4)
  10 adders
  A howler monkey skeleton (D:4)
  3 river rats (D:3)
  A shadow imp (D:7)
  2 oozes
  An adder skeleton (D:5)
  An adder zombie (D:4)
  2 dart slugs
  5 leopard geckos
  19 orcs
  8 giant cockroaches
  8 goblins
  2 hobgoblins (D:1)
  8 jackals
  A ball python (D:3)
  5 bats
  4 frilled lizards
  2 jackal zombies (D:4)
  5 kobolds
  A leopard gecko zombie (D:6)
  A quokka skeleton (D:4)
  A quokka zombie (D:4)
  10 rats
  2 fungi (D:7)
  2 plants (D:2)
145 creatures vanquished.

Vanquished Creatures (others)
  5 plants (D:6)
5 creatures vanquished.

Grand Total: 150 creatures vanquished

Notes
Turn   | Place    | Note
-------+----------+-------------------------------------------
     0 | D:1      | GroovyGamera the Gargoyle Fighter began the quest for the
                  | Orb.
     0 | D:1      | Reached XP level 1. HP: 14/14 MP: 1/1
    66 | D:1      | Reached XP level 2. HP: 13/19 MP: 2/2
   316 | D:1      | Reached XP level 3. HP: 23/24 MP: 3/3
   924 | D:2      | Reached skill level 4 in Fighting
   928 | D:2      | Reached XP level 4. HP: 26/29 MP: 4/4
  1014 | D:2      | Found a shadowy altar of Dithmenos.
  1020 | D:2      | Found an iron altar of Okawaru.
  1021 | D:2      | Found a sparkling altar of Nemelex Xobeh.
  1126 | D:2      | Noticed Jessica
  1132 | D:2      | Killed Jessica
  1132 | D:2      | Reached XP level 5. HP: 28/34 MP: 5/5
  1987 | D:3      | Reached XP level 6. HP: 39/40 MP: 6/6
  2037 | D:3      | Reached skill level 5 in Shields
  2077 | D:3      | Reached skill level 5 in Fighting
  2077 | D:3      | Reached skill level 5 in Armour
  2643 | D:4      | Noticed Natasha
  2649 | D:4      | Killed Natasha
  2655 | D:4      | Noticed Blork the orc
  2668 | D:4      | Killed Blork the orc
  2680 | D:4      | Reached XP level 7. HP: 13/44 MP: 7/7
  2943 | D:4      | Got an ancient tin ring
  2948 | D:4      | Identified the ring "Iniakk" {+Blink rC+ rN++ Dex-5} (You
                  | found it on level 4 of the Dungeon)
  2977 | D:4      | Found a staircase to the Ecumenical Temple.
  2984 | Temple   | Entered the Ecumenical Temple
  3044 | Temple   | Became a worshipper of Makhleb the Destroyer
  3152 | D:4      | Noticed Edmund
  3176 | D:4      | Killed Edmund
  3176 | D:4      | Reached skill level 6 in Fighting
  3176 | D:4      | Reached skill level 1 in Invocations
  3271 | D:4      | Noticed Natasha
  3276 | D:4      | Killed Natasha
  3289 | D:4      | Noticed Natasha
  3299 | D:4      | Killed Natasha
  3599 | D:5      | Entered Level 5 of the Dungeon
  3874 | D:5      | Reached XP level 8. HP: 37/51 MP: 9/9
  4476 | D:5      | Reached * piety under Makhleb
  4668 | D:6      | Identified the +1 buckler of Vehumet's Benevolence {Dex+4}
  4783 | D:6      | Reached skill level 5 in Axes
  4907 | D:6      | Reached skill level 7 in Fighting
  4935 | D:6      | Got a faintly glowing hand crossbow
  5031 | D:6      | Found a transporter.
  5036 | D:6      | Found a transporter.
  5173 | D:6      | Noticed Think's ghost (novice OpFi)
  5187 | D:6      | Identified the amulet of Cagusupt {RegenMP MR+ Dex+4}
  5215 | D:6      | Identified the +8 hand crossbow "Mittibon" {elec, +Inv
                  | rF+++ Str-5 Stlth+} (You found it on level 6 of the
                  | Dungeon)
  5260 | D:7      | Reached XP level 9. HP: 43/57 MP: 12/12
  5388 | D:7      | Found Suimale's Weapon Shoppe.
  5694 | D:7      | Found a runed door.
  5698 | D:7      | Noticed Crazy Yiuf
  5705 | D:7      | Killed Crazy Yiuf
  5799 | D:8      | Noticed a two-headed ogre
  5862 | D:8      | HP: 2/57 [orc warrior/+0 hand axe (12)]
  5879 | D:8      | Reached skill level 1 in Crossbows
  5992 | D:8      | Slain by an ogre

Vault maps used:
D:1:      wander_arrival_estate
D:2:      minitemple, serial_forest, infiniplex_forest_fountain,
          infiniplex_forest_end_1, infiniplex_forest_straight_2,
          infiniplex_forest_clump_curved, infiniplex_forest_lined_2,
          infiniplex_forest_join, infiniplex_forest_straight_3, uniq_jessica
D:3:      gup_sewer_entry_spiral
D:4:      minmay_temple_entry_junction, serial_undead, serial_undead_e,
          serial_undead_f, serial_undead_d, serial_undead_f, uniq_edmund,
          uniq_natasha, uniq_blork_the_orc
D:5:      first_ration, minmay_misc_feat_room
D:6:      gammafunk_ghost_gnarly_gnolls
D:7:      serial_shops, shop, uniq_crazy_yiuf_cottage
D:8:      gammafunk_temple_overflow_wave, enter_bailey_3
Temple:   regret_index_temple_waves

Skill      XL: |  1  2  3  4  5  6  7  8  9 |
---------------+----------------------------+-----
Fighting       | 4 5 6 7 |  7.6
Armour         | 4 5 |  5.5
Shields        | 4 5 |  5.5
Axes           | 3 6 |  6.4
Invocations    | 2 4 |  4.8
Crossbows      | 1 |  1.0

Action                   |  1- 3 |  4- 6 |  7- 9 || total
-------------------------+-------+-------+-------++-------
Melee: War axe           |   126 |   252 |       ||   378
       Battleaxe         |       |       |   278 ||   278
       Mace              |       |       |    42 ||    42
 Fire: Hand crossbow     |       |       |    49 ||    49
  Use: Scroll            |       |     2 |     5 ||     7
       Potion            |       |     1 |     4 ||     5
  Eat: Chunk             |       |     7 |     7 ||    14
       Ration            |       |       |     1 ||     1
Armor: Scale mail        |    59 |   137 |   275 ||   471
       Chain mail        |       |       |    17 ||    17
Dodge: Dodged            |    40 |    82 |   185 ||   307
Block: Shield            |    56 |   142 |    26 ||   224

Table legend:
 A = Non-vault XP
 B = Vault XP
 C = Vault XP percentage of total XP
 D = Non-vault monster count
 E = Vault monster count
 F = Vault count percentage of total count
                 A         B        C        D         E       F
            +---------+---------+-------+---------+---------+-------
      Total |    2454 |     542 |  18.1 |     119 |      22 |  15.6
            +---------+---------+-------+---------+---------+-------
        D:1 |      40 |       0 |   0.0 |      22 |       0 |   0.0
        D:2 |     109 |      37 |  25.3 |      23 |       1 |   4.2
        D:3 |     126 |      60 |  32.3 |      19 |       8 |  29.6
        D:4 |     304 |     405 |  57.1 |      19 |      12 |  38.7
        D:5 |     630 |       0 |   0.0 |      11 |       0 |   0.0
        D:6 |     469 |       0 |   0.0 |       8 |       0 |   0.0
        D:7 |     548 |      40 |   6.8 |      10 |       1 |   9.1
        D:8 |     228 |       0 |   0.0 |       7 |       0 |   0.0
            +---------+---------+-------+---------+---------+-------
